 Dungeon Crawl Stone Soup version 0.26.0-10-g1f06aea511 (webtiles) character file.

Game seed: 11648382535657508245

16 EnegeticOcto the Covered (level 2, 0/27 HPs)
             Began as a Deep Dwarf Fighter on Jan 14, 2021.
             Slain by a gnoll
             ... wielding a +0 whip
              (1 damage)
             ... on level 2 of the Dungeon.
             The game lasted 00:00:08 (88 turns).

EnegeticOcto the Covered (Deep Dwarf Fighter)         Turns: 88, Time: 00:00:08

Health: 0/27       AC:  6    Str: 19    XL:     2   Next: 37%
Magic:  2/2        EV:  7    Int:  8    God:
Gold:   11         SH:  9    Dex: 12    Spells: 1/1 levels left

rFire    . . .     SeeInvis .   a - +0 war axe
rCold    . . .     Faith    .   c - +0 kite shield
rNeg     . . .     Spirit   .   b - +0 scale mail
rPois    .         Reflect  .   (no helmet)
rElec    .         Harm     .   (no cloak)
rCorr    .         Rampage  .   (no gloves)
Will     .....                  (no boots)
Stlth    ..........             (no amulet)
HPRegen  0.00/turn              (no ring)
MPRegen  0.08/turn              (no ring)

@: non-regenerating
A: damage resistance, heal wounds, sense surroundings 1, no regeneration
a: Heal Wounds


You were on level 2 of the Dungeon.
You visited 1 branch of the dungeon, and saw 2 of its levels.

You collected 11 gold pieces.

Inventory:

Hand Weapons
 a - a +0 war axe (weapon)
Armour
 b - a +0 scale mail (worn)
 c - a +0 kite shield (worn)
Scrolls
 e - a scroll of identify {unknown}
 f - a scroll of immolation {unknown}
 g - a scroll of magic mapping {unknown}
Potions
 d - a potion of might {@q3}


   Skills:
 + Level 2.8 Fighting
 * Level 2.7 Axes
 + Level 3.4 Armour
 + Level 3.4 Shields


You had one spell level left.
You didn't know any spells.
Your spell library was empty.

Dungeon Overview and Level Annotations

Branches:
Dungeon (2/15)

Altars:


Innate Abilities, Weirdness & Mutations

You are resistant to damage.
You can heal yourself by infusing magical energy.
You passively map a small area around you.
You do not regenerate.


Message History

There is a stone staircase leading down here.
You climb downwards.
Found a mace, 24 sling bullets and a scroll labelled VOTTAN HOUMNU.
Found a stone staircase leading down.
There is a stone staircase leading up here.
Found 15 arrows.
You see here 24 sling bullets.
A worm comes into view.
Found a coppery potion.
The worm bites you!
You hit the worm.
The worm is lightly wounded.
You block the worm's attack.
You hit the worm.
The worm is moderately wounded.
The worm bites you but does no damage.
You slash the worm!
The worm is almost dead.
You block the worm's attack.
You hit the worm.
You kill the worm!
An adder comes into view.
The adder bites you but does no damage.
You slash the adder!
The adder is severely wounded.
The adder bites you but does no damage.
A gnoll comes into view. It is wielding a +0 whip.
The adder barely misses you.
There are monsters nearby!
There are monsters nearby!
There are monsters nearby!
There are monsters nearby!
You miss the adder.
The adder is severely wounded.
The gnoll shouts!
You block the adder's attack.
You barely miss the adder.
The adder is severely wounded.
The adder bites you but does no damage. x2
You hit the adder.
You kill the adder!
You have reached level 2!
The gnoll barely misses you.
A gnoll comes into view. It is wielding a +0 whip.
You closely miss the gnoll.
The gnoll shouts!
You hear a shout!
The gnoll hits you with a +0 whip. You block the gnoll's attack.
You hit the gnoll.
The gnoll is heavily wounded.
The gnoll hits you but does no damage.
A gnoll comes into view.
The gnoll shouts!
You hit the gnoll but do no damage.
The gnoll is heavily wounded.
The gnoll hits you with a +0 whip.
You barely miss the gnoll.
The gnoll is heavily wounded.
The gnoll hits you but does no damage.
A gnoll comes into view. It is wielding a +0 flail.
You block the gnoll's attack.
The gnoll moves out of view.
You slash the gnoll!
The gnoll is almost dead.
You hit the gnoll but do no damage. You block the gnoll's attack.
The gnoll hits you with a +0 whip.
You barely miss the gnoll.
The gnoll is almost dead.
You closely miss the gnoll. You block the gnoll's attack.
The gnoll hits you with a +0 whip. The gnoll hits you with a +0 whip!
* * * LOW HITPOINT WARNING * * *
You are too injured to fight recklessly!
You are too injured to fight recklessly!
You are too injured to fight recklessly!
You are too injured to fight recklessly!
You are too injured to fight recklessly!
You are too injured to fight recklessly!
You are too injured to fight recklessly!
You are too injured to fight recklessly!
You are too injured to fight recklessly!
You are too injured to fight recklessly!
You are too injured to fight recklessly!
You are too injured to fight recklessly!
You are too injured to fight recklessly!
You are too injured to fight recklessly!
You are too injured to fight recklessly!
You are too injured to fight recklessly!
You are too injured to fight recklessly!
You fail to use your ability.
You block the gnoll's attack. The gnoll hits you.
* * * LOW HITPOINT WARNING * * *
You block the gnoll's attack.
You are too injured to fight recklessly!
You are too injured to fight recklessly!
You are too injured to fight recklessly!
You are too injured to fight recklessly!
You are too injured to fight recklessly!
You fail to use your ability.
You block the gnoll's attack. The gnoll hits you.
* * * LOW HITPOINT WARNING * * *
The gnoll hits you but does no damage.
You fail to use your ability.
You block the gnoll's attack. The gnoll hits you.
The gnoll hits you with a +0 whip.
You die...

#.####........
#.###.### , #,*
#(# *,#* , *
#.* #.# ,# , *
, ###.####.#
*.## ,
...#...?.# #!.,
, * #....#.##.#
, * *
#....(gg..# *
#.....@gg.# * *
###.####†#.....
#. *....#.. # *
*..#.# ,* * , *
...,.., , ,,
*..##*.# ..# #
, * ..# , , <


You could see 4 gnolls.

Vanquished Creatures
  An adder (D:2)
  A worm (D:2)
  A bat (D:1)
  A hobgoblin (D:1)
4 creatures vanquished.

Notes
Turn   | Place    | Note
-------+----------+-------------------------------------------
     0 | D:1      | EnegeticOcto the Deep Dwarf Fighter began the quest for the
                  | Orb.
     0 | D:1      | Reached XP level 1. HP: 20/20 MP: 1/1
    79 | D:2      | Reached XP level 2. HP: 18/27 MP: 2/2
    87 | D:2      | HP: 1/27 [gnoll (2)]
    88 | D:2      | Slain by a gnoll

Illustrated notes

Levels and vault maps discovered:
D:1:      dpeg_arrival_lava_temple_mockup, layout_basic
D:2:      layout_loops_ring, nicolae_overflow_crystal_walls

Action                   || total
-------------------------++-------
Melee: War axe           ||    29
Armor: Scale mail        ||    18
Dodge: Dodged            ||     7
Block: Kite shield       ||    23
